 Dungeon Crawl Stone Soup version 0.26.0-15-gc6cd9f700b (webtiles) character file.

Game seed: 12222273819450761001

1492 flappity the Chopper (level 8, -2/58 HPs)
             Began as an Octopode Berserker on Jan 15, 2021.
             Was a Priest of Trog.
             Slain by an ice beast (14 damage)
             ... on level 5 of the Dungeon.
             The game lasted 00:06:30 (5047 turns).

flappity the Chopper (Octopode Berserker)           Turns: 5047, Time: 00:06:31

Health: -2/58      AC:  1    Str: 23    XL:     8   Next: 80%
Magic:  8/8        EV: 17    Int:  9    God:    Trog [***...]
Gold:   172        SH:  0    Dex: 13    Spells: 7/7 levels left

rFire    . . .     SeeInvis .   p - +1 war axe
rCold    . . .     Faith    .   (no shield)
rNeg     . . .     Spirit   .   (helmet restricted)
rPois    .         Reflect  .   (no amulet)
rElec    .         Harm     .   l - +6 ring of strength
rCorr    .         Rampage  .   (no ring)
Will     .....                  (no ring)
Stlth    ++........             (no ring)
HPRegen  0.19/turn              (no ring)
MPRegen  0.11/turn              (no ring)
                                (no ring)
                                (no ring)

@: no status effects
A: almost no armour, stealthy swim, amphibious, 8 rings, constrict 8, camouflage
1, gelatinous body 1
a: Renounce Religion, Berserk, Trog's Hand


You were on level 5 of the Dungeon.
You worshipped Trog.
Trog was most pleased with you.
You visited 1 branch of the dungeon, and saw 5 of its levels.

You collected 221 gold pieces.
You spent 49 gold pieces at shops.


Innate Abilities, Weirdness & Mutations

You cannot wear most types of armour.
You are very stealthy in the water. (Stealth+)
You are amphibious.
You can wear up to eight rings at the same time.
You can use your tentacles to constrict eight enemies at once.
Your skin changes colour to match your surroundings (Stealth+).
Your rubbery body absorbs attacks. (AC +1, EV +1)


   Skills:
 + Level 6.8 Fighting
 + Level 6.9 Axes
 + Level 6.8 Dodging


You had 7 spell levels left.
You didn't know any spells.
Your spell library was empty.

Inventory:

Hand Weapons
 p - a +1 war axe (weapon)
Missiles
 f - 7 curare-tipped darts (quivered)
 o - 2 datura-tipped darts
Jewellery
 l - a +6 ring of strength (left tentacle)
Scrolls
 a - a scroll of teleportation
 b - a scroll of remove curse
 c - 6 scrolls of identify
 d - a scroll of fear
 e - a scroll of blinking
 j - 2 scrolls of amnesia
Potions
 g - 2 potions of might
 k - 3 potions of heal wounds
 m - a potion of flight
 n - 2 potions of cancellation


Message History

The worker ant is moderately wounded.
You constrict the worker ant. The worker ant misses you.
The worker ant barely misses you.
You hit the worker ant. You squeeze the worker ant.
You kill the worker ant!
Trog accepts your kill.
You see here a worker ant corpse.
No target in view!
HP restored.
An ogre comes into view. It is wielding a +0 giant club.
The ogre shouts!
You hit the ogre.
The ogre is lightly wounded.
The ogre barely misses you.
You slash the ogre!
The ogre is heavily wounded.
The ogre misses you.
You slash the ogre!
You kill the ogre!
Trog accepts your kill.
Things that are here:
a +0 giant club; an ogre corpse
Found a staircase to the Ecumenical Temple.
A centaur zombie comes into view.
An ice beast comes into view.
The centaur zombie hits you but does no damage.
The centaur zombie misses you.
You closely miss the ice beast. You barely miss the centaur zombie.
The ice beast hits you. The ice beast freezes you. The centaur zombie hits you.
You take 15 damage.
You closely miss the ice beast. You hit the centaur zombie.
The centaur zombie completely misses you.
The ice beast hits you. The ice beast freezes you! The centaur zombie hits you.
You take 15 damage.
You are too injured to fight recklessly!
You are too injured to fight recklessly!
You are too injured to fight recklessly!
You are too injured to fight recklessly!
The ice beast misses you.
You hit the ice beast. You squeeze the ice beast!
The ice beast is severely wounded.
The ice beast completely misses you.
You closely miss the ice beast.
The ice beast is severely wounded.
The ice beast hits you. The ice beast freezes you!
You take 12 damage.
You closely miss the ice beast.
The ice beast is severely wounded.
The ice beast hits you. The ice beast freezes you!
You die...

▒∙▒ ▒∙▒
▒▒▒▒▒▒▒∙▒▒▒▒▒
∙∙∙∙∙∙∙∙∙∙∙∙▒
∙∙∙▒▒∙▒∙▒▒▒∙▒▒▒▒▒
∙∙▒▒∙▒∙∙∙∙∙∙∙∙∙▒
∙∙∙∙∙∙∙∙∙▒▒∙▒▒▒∙▒
∙>∙∙∙∙∙∙∙▒▒∙▒ ▒∙▒
∙∙∙∙∙∙∙∙∙∙▒∙▒ ▒x▒
∙∙▒▒∙∙∙∙∙∙∙▒ ▒Y▒
∙∙▒▒∙▒∙▒▒▒▒▒ ▒Z▒
∙∙∙∙∙▒∙▒ ▒∙∙∙▒
▒▒▒▒▒∙ ▒∙∙∙∙∙▒
▒∙∙∙∙∙∙∙▒
▒∙∙∙∙∙∙∙▒
▒∙∙∙∙∙∙∙▒
▒▒∙∙∙∙∙∙▒


You could see an ice beast and a centaur zombie.

Vanquished Creatures
  Grinder (D:3)
  Prince Ribbit (D:5)
  Eustachio (D:4)
  Duvessa (D:4)
  An ogre (D:5)
  A phantom (D:3)
  Dowan (D:4)
  A scorpion (D:4)
  2 hounds (D:4)
  An orc priest (D:5)
  6 orc wizards
  Jessica (D:2)
  Natasha (thrice) (D:2)
  3 worker ants
  Robin (D:2)
  4 gnolls (D:2)
  5 adders
  An adder skeleton (D:5)
  A worm (D:4)
  A leopard gecko (D:2)
  9 orcs
  4 giant cockroaches
  14 goblins
  9 hobgoblins
  7 kobolds
  3 quokkas
  6 bats
  5 frilled lizards
  A jackal zombie (D:5)
  A quokka skeleton (D:4)
  7 rats
103 creatures vanquished.

Notes
Turn   | Place    | Note
-------+----------+-------------------------------------------
     0 | D:1      | flappity the Octopode Berserker began the quest for the
                  | Orb.
     0 | D:1      | Reached XP level 1. HP: 16/16 MP: 1/1
   113 | D:1      | Reached XP level 2. HP: 21/21 MP: 2/2
   753 | D:2      | Noticed Robin
   770 | D:1      | Reached XP level 3. HP: 22/26 MP: 3/3
   825 | D:1      | Reached ** piety under Trog
   964 | D:2      | Killed Robin
  1065 | D:2      | Noticed Natasha
  1074 | D:2      | Killed Natasha
  1075 | D:2      | Reached XP level 4. HP: 25/33 MP: 4/4
  1221 | D:2      | Noticed Natasha
  1226 | D:2      | Killed Natasha
  1348 | D:2      | Noticed Natasha
  1354 | D:2      | Killed Natasha
  1355 | D:2      | Reached skill level 4 in Fighting
  1355 | D:2      | Reached skill level 4 in Axes
  1355 | D:2      | Reached skill level 4 in Dodging
  1355 | D:2      | Reached XP level 5. HP: 23/37 MP: 5/5
  2070 | D:2      | Noticed Jessica
  2074 | D:2      | Killed Jessica
  2487 | D:3      | Reached XP level 6. HP: 39/44 MP: 6/6
  2498 | D:3      | Found an iron altar of Okawaru.
  2956 | D:3      | Noticed a phantom
  2966 | D:3      | Noticed Grinder
  3047 | D:3      | Killed Grinder
  3048 | D:3      | Reached skill level 5 in Fighting
  3048 | D:3      | Reached skill level 5 in Axes
  3048 | D:3      | Reached skill level 5 in Dodging
  3048 | D:3      | Reached XP level 7. HP: 28/50 MP: 7/7
  3511 | D:4      | Found a bloodstained altar of Trog.
  3522 | D:4      | Noticed Eustachio
  3534 | D:4      | Reached *** piety under Trog
  3541 | D:4      | Killed Eustachio
  3666 | D:4      | Found Lucynned's Weapon Boutique.
  3685 | D:4      | Bought a +0 war axe for 49 gold pieces
  3776 | D:4      | Noticed Dowan
  3885 | D:4      | Killed Dowan
  3886 | D:4      | Reached XP level 8. HP: 42/57 MP: 8/8
  4019 | D:4      | Reached skill level 6 in Axes
  4021 | D:4      | Reached skill level 6 in Fighting
  4074 | D:4      | Reached skill level 6 in Dodging
  4201 | D:4      | Noticed Duvessa
  4208 | D:4      | Killed Duvessa
  4503 | D:5      | Entered Level 5 of the Dungeon
  4923 | D:5      | Found an ornate altar of the Wu Jian Council.
  4943 | D:5      | Found a white marble altar of Elyvilon.
  4943 | D:5      | Found a sacrificial altar of Ru.
  4943 | D:5      | Noticed Prince Ribbit
  4965 | D:5      | Killed Prince Ribbit
  5026 | D:5      | Found a staircase to the Ecumenical Temple.
  5046 | D:5      | HP: 16/58 [ice beast (8)]
  5047 | D:5      | Slain by an ice beast

Levels and vault maps discovered:
D:1:      mrwooster_arrival_statue_3, layout_rooms, serial_aquarium,
          aquarium_bridge_island_small [aquarium_subvault_small_open,
          aquarium_subvault_bridge, aquarium_subvault_wall,
          aquarium_subvault_bridge, aquarium_subvault_balcony],
          aquarium_window_fake, aquarium_window_fake, aquarium_view_2d,
          serial_park_tiny_pond
D:2:      layout_basic, serial_glass, glass_columns_b, glass_columns_a,
          minivault_27, uniq_jessica, uniq_robin, uniq_natasha
D:3:      layout_rooms, overflow_temple_1_default, uniq_grinder
D:4:      layout_basic, serial_shops, shop, bloody_trog, uniq_duvessa,
          uniq_eustachio
D:5:      layout_loops_corners, grunt_temple_overflow_open,
          minmay_temple_entry_stoned_glass, serial_shops, shop,
          uniq_prince_ribbit1

Action                   |  1- 3 |  4- 6 |  7- 9 || total
-------------------------+-------+-------+-------++-------
Melee: Hand axe          |    60 |   101 |    30 ||   191
       Constrict         |    17 |    25 |    18 ||    60
       Tentacles         |     7 |    23 |    24 ||    54
       War axe           |       |       |    55 ||    55
Invok: Berserk           |       |       |     1 ||     1
  Use: Scroll            |       |       |    12 ||    12
 Stab: Sleeping          |     3 |     3 |     2 ||     8
Armor: Skin              |    13 |     6 |     4 ||    23
Dodge: Dodged            |    57 |    61 |    48 ||   166
